Map: Odyssey LE

Players

Ragnon - Winner!

  • Race: Terran Terran
  • League: Diamond
  • Spawn Location: 5:00

MoonStone

  • Race: Protoss Protoss
  • League: Platinum
  • Spawn Location: 11:00

VOD

Have the link to the VOD?

Description

Time

  • Played on: Aug. 28, 2017, 3:34 p.m.
  • Length: 11:22
Show
View Real Time Build Order
Export as new Build Order

Ragnon Terran - Winner!

Build Orders: MMM Bio 

Get SALT Encoding   

  12  0:01  SCV  
  13  0:13  SCV  
  14  0:18  Supply Depot  
  14  0:25  SCV  
  15  0:39  SCV  
  15  0:41  Barracks  
  16  0:51  SCV  
  17  1:04  SCV  
  18  1:16  SCV  
  19  1:21  Command Center  
  19  1:31  Orbital Command  
  19  1:34  Marine  
  20  1:45  Supply Depot  
  20  1:52  Marine  
  21  2:00  SCV  
  22  2:11  Barracks  
  22  2:12  Barracks  
  22  2:18  Bunker  
  22  2:20  Marine  
  22  2:22  SCV  
  24  2:30  Refinery  
  24  2:31  Refinery  
  24  2:34  SCV  
  25  2:38  Marine  
  26  2:47  Orbital Command  
  26  2:49  SCV  
  27  3:03  Marine x3  
  30  3:08  SCV  
  31  3:16  SCV  
  32  3:20  SCV  
  33  3:28  SCV  
  33  3:33  Barracks Tech Lab x2  
  34  3:37  SCV  
  34  3:40  SCV, Barracks Reactor  
  36  3:47  Factory  
  36  3:49  SCV  
  36  3:52  SCV  
  37  3:57  Stimpack  
  37  4:01  SCV  
  38  4:03  Marine  
  38  4:04  Marine  
  38  4:05  SCV  
  38  4:07  Command Center  
  41  4:13  SCV, Supply Depot  
  41  4:15  Supply Depot  
  41  4:17  SCV  
  43  4:20  Combat Shields  
  43  4:23  Marine x3  
  46  4:32  Starport  
  46  4:34  SCV, Marine  
  46  4:37  Factory Reactor  
  48  4:41  Supply Depot  
  48  4:42  Supply Depot  
  48  4:45  SCV  
  48  4:46  Marine x3  
  48  4:47  SCV  
  48  4:52  Marine  
  48  5:32  Marine x4  
  52  5:37  Orbital Command  
  52  5:39  SCV x2  
  54  5:43  Engineering Bay x2  
  54  5:47  Bunker  
  54  5:50  Refinery  
  54  5:51  SCV x2  
  54  5:52  Refinery  
  54  5:53  Concussive Shells, Marine  
  54  5:54  Factory Tech Lab, Marine x3  
  60  6:03  SCV x2  
  60  6:15  SCV  
  53  6:28  Siege Tank, Medivac  
  53  6:30  Marauder, Marine x3  
  63  6:33  SCV x2  
  65  6:41  Terran Infantry Weapons Level 1, Terran Infantry Armor Level 1  
  65  6:48  SCV x3, Marine x2  
  65  6:49  Marauder  
  65  6:52  Marauder  
  73  6:55  Medivac  
  73  6:58  Medivac  
  77  7:03  Armory  
  70  7:30  SCV  
  70  7:32  Marine  
  69  7:43  Supply Depot x3  
  69  8:01  Barracks  
  69  8:02  Barracks  
  69  8:04  Barracks, Medivac x2, Marine x3  
  69  8:05  SCV x3, Marauder, Siege Tank  
  84  8:22  Marine x2  
  84  8:26  Barracks, Marauder  
  88  8:27  Barracks, Supply Depot x2  
  88  8:28  Supply Depot  
  88  8:29  Supply Depot  
  88  8:33  Terran Vehicle Weapons Level 1  
  88  8:35  Terran Infantry Armor Level 2, Terran Infantry Weapons Level 2  
  88  8:37  Siege Tank, Marine  
  88  8:40  SCV  
  92  8:49  Marauder x2  
  93  8:55  Barracks Tech Lab x2  
  93  8:56  Barracks Tech Lab, Marine x2  
  87  9:09  Marine x2  
  87  9:11  Siege Tank, Medivac  
  87  9:12  Orbital Command, Medivac  
  87  9:16  Marauder x3  
  102  9:30  Marauder, Marine  
  102  9:31  Marauder, Marine x3  
  110  9:38  SCV x3  
  113  9:46  Marauder x2  
  113  9:50  SCV  
  112  9:56  Medivac x2  
  112  9:59  Siege Tank  
  118  10:03  SCV x3  
  118  10:05  Refinery  
  118  10:06  Refinery, Marauder x2  
  125  10:18  Supply Depot x2  
  125  10:19  Supply Depot x2  
  125  10:20  Marine x4  
  133  10:21  Marauder x2  
  133  10:30  Marine  
  133  10:31  Marine  
  111  10:48  Marauder, Marine  
  111  10:49  Marauder x3, Marine x4  
Show
View Real Time Build Order
Export as new Build Order

MoonStone Protoss 

Build Orders: 1 Gate Expand 

Get SALT Encoding   

  12  0:01  Probe (Chrono Boost)  
  13  0:11  Probe (Chrono Boost)  
  14  0:20  Pylon  
  14  0:22  Probe (Chrono Boost)  
  15  0:38  Probe (Chrono Boost)  
  15  0:39  Gateway  
  16  0:47  Assimilator  
  17  0:50  Probe (Chrono Boost)  
  17  1:03  Probe (Chrono Boost)  
  18  1:14  Probe (Chrono Boost)  
  19  1:28  Nexus  
  19  1:33  Cybernetics Core  
  19  1:37  Probe (Chrono Boost)  
  20  1:42  Pylon  
  20  1:44  Assimilator  
  20  1:49  Probe (Chrono Boost)  
  21  2:00  Probe (Chrono Boost)  
  22  2:10  Warp Gate  
  22  2:11  Stalker  
  24  2:15  Gateway  
  24  2:20  Probe (Chrono Boost)  
  24  2:31  Probe (Chrono Boost)  
  25  2:41  Stalker  
  25  2:42  Mothership Core (Chrono Boost)  
  29  2:44  Probe (Chrono Boost)  
  29  2:50  Pylon  
  30  2:55  Probe (Chrono Boost)  
  31  3:00  Twilight Council  
  31  3:06  Stalker  
  31  3:11  Probe (Chrono Boost)  
  35  3:13  Probe (Chrono Boost)  
  35  3:22  Probe (Chrono Boost)  
  35  3:25  Stalker  
  38  3:34  Gateway  
  38  3:35  Probe (Chrono Boost)  
  38  3:36  Probe (Chrono Boost)  
  40  3:47  Probe x2 (Chrono Boost)  
  42  4:00  Pylon  
  42  4:02  Blink (Chrono Boost)  
  42  4:04  Probe x2 (Chrono Boost)  
  44  4:16  Probe x2 (Chrono Boost)  
  46  4:20  Gateway  
  46  4:24  Pylon  
  46  4:25  Stalker x2  
  46  4:26  Probe (Chrono Boost)  
  51  4:31  Probe  
  52  4:41  Probe  
  52  4:43  Assimilator  
  53  4:46  Pylon, Assimilator, Stalker  
  53  4:49  Zealot  
  55  5:29  Stalker x3  
  55  5:35  Mothership Core, Probe  
  64  5:43  Robotics Facility  
  64  5:46  Probe  
  65  5:56  Probe  
  66  5:58  Nexus  
  66  6:00  Pylon  
  66  6:01  Pylon  
  66  6:03  Pylon  
  66  6:16  Stalker x2  
  66  6:17  Stalker x2  
  68  6:33  Probe  
  68  6:34  Probe  
  68  6:39  Observer  
  71  6:41  Charge (Chrono Boost)  
  71  6:43  Probe  
  71  6:45  Gateway  
  71  6:46  Probe  
  73  6:47  Pylon  
  73  6:49  Pylon  
  73  6:53  Robotics Bay  
  73  6:57  Stalker  
  73  6:58  Stalker x3  
  79  7:27  Stalker x2  
  79  7:28  Stalker x2  
  83  7:41  Immortal  
  83  7:43  Extended Thermal Lance  
  87  7:45  Gateway  
  87  7:48  Probe x2  
  87  7:50  Probe  
  90  7:51  Pylon  
  90  7:54  Assimilator  
  90  7:59  Probe x2  
  90  8:01  Zealot x4  
  90  8:02  Zealot, Probe  
  103  8:09  Probe x2  
  105  8:13  Pylon  
  105  8:14  Probe  
  105  8:15  Pylon  
  106  8:25  Probe x2  
  106  8:26  Probe  
  109  8:28  Zealot x4  
  99  9:10  Zealot x4  
  99  9:11  Zealot  
  105  9:21  Assimilator  
  105  9:24  Pylon  
  105  9:27  Colossus (Chrono Boost)  
  105  9:28  Templar Archives  
  111  9:32  Robotics Facility  
  111  9:36  Zealot x6  
  115  10:00  Zealot  
  115  10:01  Zealot x5  
  127  10:13  Probe  
  127  10:14  Probe  
  127  10:15  Probe  
  127  10:19  Colossus (Chrono Boost)  
  97  10:48  Zealot x6  
  70  11:14  Zealot x4  
  70  11:15  Zealot  
Tags
 
Composition
MMM Bio
Matchup
PvT
Spawn Locations
Cross Positions
Add a new tag
Caveats
  • Supply blocks, unpowered buildings, or Contaminate may cause inaccurate times.
  • Supply counts are checked every 10 seconds.